[ PARTIDA AOE2 · #474853705 ]
UnrankedBohemios vs Malians
[ ANÁLISIS DE REPETICIÓN · EXTRAÍDO DE LA PARTIDA GRABADA ]
Feudal
—
Castillos
—
Imperial
—
| APM promedio | 8.6 |
| APM pico | 23 |
| eAPM promedio | 7.2 |
| Aldeanos / militares | 20 / 3 |
Foco
⚔️ 9.9% · 🌾 90.1%
Militia ×3
Feudal
—
Castillos
—
Imperial
—
| APM promedio | 8.4 |
| APM pico | 17 |
| eAPM promedio | 5.9 |
| Aldeanos / militares | 34 / 0 |
Foco
⚔️ 10.7% · 🌾 89.3%
Feudal
14:19
Castillos
—
Imperial
—
| APM promedio | 4.5 |
| APM pico | 16 |
| eAPM promedio | 3.6 |
| Aldeanos / militares | 21 / 0 |
Foco
⚔️ 8.0% · 🌾 92.0%
Feudal
—
Castillos
—
Imperial
—
| APM promedio | 12.2 |
| APM pico | 31 |
| eAPM promedio | 5.8 |
| Aldeanos / militares | 25 / 0 |
Foco
⚔️ 6.2% · 🌾 93.8%
Feudal
—
Castillos
—
Imperial
—
| APM promedio | 8.1 |
| APM pico | 33 |
| eAPM promedio | 5.0 |
| Aldeanos / militares | 26 / 0 |
Foco
⚔️ 12.7% · 🌾 87.3%
Feudal
—
Castillos
—
Imperial
—
| APM promedio | 9.7 |
| APM pico | 20 |
| eAPM promedio | 4.8 |
| Aldeanos / militares | 13 / 6 |
Foco
⚔️ 33.9% · 🌾 66.1%
Militia ×6
Mapa de la partida
Recursos iniciales + cada clic de construcción. Líneas = muros · curvas = relieve. ◆ oro · ⬟ piedra · ● bayas · ✦ reliquia · ◌ hueco del cierre
Tu base· ✓ Cerrada en 12:00 · 25t muro · sin puerta
Base de Balala· ✓ Cerrada en 12:00 · 5t muro · sin puerta
Base de Anawrahta· ✓ Cerrada en 12:00 · 0t muro · sin puerta
Base de Detum· Abierta — el rival se encerró
Base de Dick Shrinker· Abierta — el rival se encerró
Base de Zombie· Abierta — el rival se encerró
Terreno inicial suavizado · ◌ = hueco del cierre detectado · pasá el cursor para detalles
Inputs por minuto
— The Last Zawgyi - - Balala
Build order — The Last Zawgyi
54 acciones detectadas en el replay
| 0:17 | Construir | House |
| 0:19 | Investigar | Loom |
| 0:19 | Crear | Villager (Male) |
| 0:20 | Crear | Villager (Male) |
| 0:20 | Crear | Villager (Male) |
| 0:20 | Crear | Villager (Male) |
| 0:44 | Construir | Palisade Wall |
| 1:19 | Construir | Palisade Wall |
| 2:22 | Crear | Villager (Male) |
| 2:52 | Crear | Villager (Male) |
| 3:43 | Crear | Villager (Male) |
| 4:08 | Construir | House |
| 4:30 | Construir | House |
| 4:34 | Construir | House |
| 4:40 | Crear | Villager (Male) |
| 4:40 | Crear | Villager (Male) |
| 4:41 | Crear | Villager (Male) |
| 4:48 | Construir | House |
| 5:21 | Construir | House |
| 5:28 | Construir | House |
| 5:48 | Crear | Villager (Male) |
| 5:49 | Crear | Villager (Male) |
| 6:21 | Construir | House |
| 6:25 | Construir | House |
| 6:44 | Construir | Palisade Wall |
| 6:56 | Construir | House |
| 7:22 | Crear | Villager (Male) |
| 7:37 | Construir | House |
| 8:15 | Construir | House |
| 8:40 | Construir | House |
| 8:49 | Construir | House |
| 8:55 | Crear | Villager (Male) |
| 8:55 | Crear | Villager (Male) |
| 9:11 | Construir | Barracks |
| 9:26 | Construir | House |
| 10:08 | Crear | Villager (Male) |
| 10:39 | Construir | House |
| 10:44 | Construir | House |
| 10:52 | Construir | House |
| 11:24 | Construir | Mill |
| 11:27 | Crear | Villager (Male) |
| 12:07 | Construir | House |
| 12:13 | Construir | House |
| 12:29 | Construir | Farm |
| 12:44 | Construir | Farm |
| 12:52 | Crear | Villager (Male) |
| 13:23 | Construir | House |
| 13:44 | Construir | House |
| 13:59 | Crear | Militia |
| 13:59 | Crear | Militia |
| 14:12 | Construir | House |
| 14:34 | Crear | Villager (Male) |
| 14:35 | Crear | Villager (Male) |
| 14:59 | Crear | Militia |
Build order — Balala
40 acciones detectadas en el replay
| 0:03 | Investigar | Loom |
| 0:04 | Crear | Villager (Male) ×4 |
| 0:14 | Construir | House |
| 0:15 | Construir | House |
| 1:50 | Construir | Palisade Wall |
| 2:08 | Crear | Villager (Male) |
| 2:22 | Crear | Villager (Male) |
| 2:35 | Construir | House |
| 2:37 | Construir | House |
| 2:39 | Construir | House |
| 2:45 | Construir | House |
| 2:48 | Construir | House |
| 2:51 | Construir | House |
| 3:16 | Crear | Villager (Male) |
| 3:32 | Crear | Villager (Male) |
| 3:33 | Crear | Villager (Male) |
| 4:22 | Crear | Villager (Male) ×3 |
| 5:01 | Crear | Villager (Male) |
| 6:26 | Construir | Mill |
| 7:06 | Crear | Villager (Male) ×3 |
| 7:46 | Construir | Lumber Camp |
| 8:43 | Crear | Villager (Male) ×3 |
| 8:54 | Crear | Villager (Male) ×3 |
| 10:10 | Crear | Villager (Male) |
| 10:48 | Crear | Villager (Male) |
| 10:50 | Crear | Villager (Male) ×5 |
| 11:03 | Construir | Mining Camp |
| 11:15 | Construir | Mill |
| 12:29 | Crear | Villager (Male) ×5 |
| 12:53 | Investigar | Feudal Age |
| 13:53 | Construir | Farm |
| 13:55 | Construir | Farm |
| 13:56 | Construir | Farm |
| 13:58 | Construir | Farm |
| 13:59 | Construir | Farm |
| 14:01 | Construir | Farm |
| 14:03 | Construir | Farm |
| 14:05 | Construir | Farm |
| 14:20 | Construir | Farm |
| 14:21 | Construir | Farm |
Build order — Anawrahta
33 acciones detectadas en el replay
| 0:14 | Construir | House |
| 0:17 | Construir | House |
| 0:20 | Investigar | Loom |
| 0:21 | Crear | Villager (Male) |
| 0:21 | Crear | Villager (Male) |
| 0:21 | Crear | Villager (Male) |
| 0:22 | Crear | Villager (Male) |
| 2:56 | Crear | Villager (Male) |
| 3:27 | Crear | Villager (Male) |
| 3:41 | Construir | House |
| 3:48 | Construir | House |
| 4:01 | Crear | Villager (Male) |
| 4:52 | Crear | Villager (Male) |
| 5:37 | Crear | Villager (Male) |
| 5:38 | Crear | Villager (Male) |
| 6:02 | Construir | House |
| 6:06 | Crear | Villager (Male) |
| 6:08 | Crear | Villager (Male) |
| 6:08 | Crear | Villager (Male) |
| 6:50 | Crear | Villager (Male) |
| 6:50 | Crear | Villager (Male) |
| 7:08 | Crear | Villager (Male) |
| 7:49 | Crear | Villager (Male) |
| 10:53 | Construir | Mill |
| 11:21 | Construir | Lumber Camp |
| 11:27 | Crear | Villager (Male) |
| 11:27 | Crear | Villager (Male) |
| 11:27 | Crear | Villager (Male) |
| 11:27 | Crear | Villager (Male) |
| 12:06 | Investigar | Feudal Age |
| 12:44 | Construir | Mining Camp |
| 14:19 | Edad | Edad Feudal |
| 14:29 | Construir | Barracks |
Build order — Detum
32 acciones detectadas en el replay
| 0:00 | Crear | Villager (Male) |
| 0:01 | Crear | Villager (Male) |
| 0:01 | Crear | Villager (Male) |
| 0:03 | Construir | House |
| 0:04 | Construir | House |
| 0:53 | Crear | Villager (Male) |
| 0:53 | Crear | Villager (Male) |
| 1:47 | Crear | Villager (Male) |
| 1:47 | Crear | Villager (Male) |
| 1:49 | Investigar | Loom |
| 2:18 | Crear | Villager (Male) |
| 2:18 | Crear | Villager (Male) |
| 2:54 | Crear | Villager (Male) |
| 2:54 | Crear | Villager (Male) |
| 3:12 | Crear | Villager (Male) |
| 3:12 | Crear | Villager (Male) |
| 3:58 | Crear | Villager (Male) |
| 3:58 | Crear | Villager (Male) |
| 4:34 | Crear | Villager (Male) |
| 4:35 | Crear | Villager (Male) |
| 5:54 | Construir | House |
| 6:28 | Crear | Villager (Male) |
| 6:28 | Crear | Villager (Male) |
| 6:35 | Construir | Mill |
| 7:14 | Construir | Mill |
| 7:27 | Crear | Villager (Male) |
| 7:27 | Crear | Villager (Male) |
| 7:53 | Construir | House |
| 8:29 | Crear | Villager (Male) |
| 8:29 | Crear | Villager (Male) |
| 9:23 | Crear | Villager (Male) |
| 9:23 | Crear | Villager (Male) |
Build order — Dick Shrinker
34 acciones detectadas en el replay
| 0:05 | Construir | House |
| 0:09 | Construir | House |
| 0:10 | Crear | Villager (Male) |
| 0:10 | Crear | Villager (Male) |
| 0:46 | Crear | Villager (Male) |
| 0:46 | Crear | Villager (Male) |
| 0:46 | Crear | Villager (Male) |
| 1:28 | Construir | Palisade Wall |
| 1:46 | Crear | Villager (Male) |
| 1:46 | Crear | Villager (Male) |
| 2:19 | Crear | Villager (Male) |
| 2:19 | Crear | Villager (Male) |
| 2:24 | Construir | Lumber Camp |
| 2:40 | Crear | Villager (Male) |
| 2:59 | Crear | Villager (Male) |
| 2:59 | Crear | Villager (Male) |
| 3:51 | Crear | Villager (Male) |
| 4:11 | Crear | Villager (Male) |
| 4:11 | Crear | Villager (Male) |
| 4:25 | Construir | House |
| 4:39 | Crear | Villager (Male) |
| 4:39 | Crear | Villager (Male) |
| 4:55 | Construir | Mill |
| 5:02 | Crear | Villager (Male) |
| 5:26 | Crear | Villager (Male) |
| 6:07 | Crear | Villager (Male) |
| 6:07 | Crear | Villager (Male) |
| 6:40 | Construir | Mill |
| 6:43 | Crear | Villager (Male) |
| 6:44 | Crear | Villager (Male) |
| 6:44 | Crear | Villager (Male) |
| 7:03 | Construir | House |
| 7:34 | Crear | Villager (Male) |
| 7:38 | Crear | Villager (Male) |
Build order — Zombie
25 acciones detectadas en el replay
| 0:27 | Construir | House |
| 1:04 | Construir | Barracks |
| 2:13 | Crear | Militia |
| 2:13 | Crear | Militia |
| 2:13 | Crear | Militia |
| 2:13 | Crear | Militia |
| 3:56 | Crear | Villager (Male) |
| 3:56 | Crear | Villager (Male) |
| 4:42 | Crear | Villager (Male) |
| 4:42 | Crear | Villager (Male) |
| 5:41 | Crear | Militia |
| 5:41 | Crear | Militia |
| 6:38 | Construir | House |
| 7:14 | Construir | House |
| 7:17 | Crear | Villager (Male) |
| 7:17 | Crear | Villager (Male) |
| 8:07 | Crear | Villager (Male) |
| 8:08 | Crear | Villager (Male) |
| 11:02 | Crear | Villager (Male) |
| 11:02 | Crear | Villager (Male) |
| 11:02 | Crear | Villager (Male) |
| 12:18 | Construir | Outpost |
| 12:38 | Construir | Mill |
| 12:47 | Crear | Villager (Male) |
| 12:47 | Crear | Villager (Male) |
Cronología de la partida
| 0:44 | The Last Zawgyi · wall_segment Palisade Wall x8 |
| 1:04 | Zombie · first_building Barracks |
| 1:19 | The Last Zawgyi · wall_segment Palisade Wall x16 |
| 1:28 | Dick Shrinker · wall_segment Palisade Wall x9 |
| 1:50 | Balala · wall_segment Palisade Wall x5 |
| 6:44 | The Last Zawgyi · wall_segment Palisade Wall x1 |
| 9:11 | The Last Zawgyi · first_building Barracks |
| 9:33 | Dick Shrinker · resign |
| 14:19 | Anawrahta · age_up feudal |
| 14:29 | Anawrahta · first_building Barracks |
[ ANÁLISIS IA · 1 CRÉDITO ]
¿Qué pasó realmente en esta partida?
Wolo.gg analiza cada decisión: build order, eco, micro, errores típicos por bracket. Análisis personalizado por WhatsApp o Discord en 30 segundos.
Guía civ
Bohemios
Perfil
Jugador #2086012